Map: Automaton LE

Players

BassHabit

  • Race: Zerg Zerg
  • League: Master
  • Spawn Location: 3:00

IIIIIIIIIIII - Winner!

  • Race: Protoss Protoss
  • League: Master
  • Spawn Location: 9:00

VOD

Have the link to the VOD?

Description

Time

  • Played on: Dec. 1, 2018, 12:32 a.m.
  • Length: 6:56
Show
View Real Time Build Order
Export as new Build Order

BassHabit Zerg 

Build Orders: Pool First 

Get SALT Encoding   

  12  0:01  Drone  
  13  0:13  Overlord  
  13  0:18  Drone  
  14  0:32  Drone x2  
  16  0:35  Drone  
  17  0:46  Drone, Extractor  
  17  0:54  Spawning Pool  
  16  0:57  Drone  
  17  1:08  Drone  
  19  1:18  Drone  
  19  1:25  Hatchery  
  18  1:32  Overlord  
  18  1:42  Queen  
  18  1:45  Zergling x2  
  21  1:53  Zergling x2  
  22  1:55  Metabolic Boost  
  22  2:04  Drone  
  23  2:17  Queen  
  23  2:18  Drone  
  26  2:27  Drone  
  27  2:34  Zergling x2  
  27  2:36  Queen  
  30  2:38  Drone  
  30  2:45  Zergling x2  
  30  2:48  Drone  
  30  2:51  Overlord  
  32  2:55  Overlord  
  32  3:01  Overlord  
  32  3:11  Drone x2  
  33  3:20  Zergling x2  
  33  3:21  Drone x3  
  33  3:22  Drone  
  38  3:39  Hatchery  
  37  3:48  Lair  
  37  3:49  Drone x2  
  37  3:52  Drone  
  37  3:53  Drone x2  
  37  3:54  Extractor  
  41  4:00  Overlord  
  41  4:02  Drone  
  42  4:04  Spore Crawler  
  42  4:06  Spore Crawler  
  40  4:12  Drone  
  40  4:15  Baneling Nest  
  40  4:17  Drone x2  
  42  4:22  Drone  
  42  4:23  Drone x2  
  45  4:31  Overlord  
  45  4:32  Zergling x4  
  45  4:33  Zergling x2  
  48  4:47  Spine Crawler  
  48  4:49  Overseer  
  46  5:08  Queen  
  46  5:14  Drone x3  
  50  5:15  Hydralisk Den  
  50  5:19  Drone  
  50  5:20  Drone x5  
  56  5:32  Spore Crawler  
  55  5:47  Hydralisk x3  
  55  5:48  Hydralisk  
  63  5:57  Spine Crawler  
  63  6:01  Overlord  
  63  6:02  Overlord  
  63  6:03  Hydralisk  
  64  6:04  Hydralisk  
  64  6:07  Baneling x2  
  65  6:24  Zergling x6  
  65  6:25  Zergling x6  
  57  6:30  Hydralisk  
  57  6:32  Zergling x2  
Show
View Real Time Build Order
Export as new Build Order

IIIIIIIIIIII Protoss - Winner!

Build Orders: Zealot Archon, Dark Templar Rush 

Get SALT Encoding   

  12  0:03  Probe  
  13  0:15  Pylon  
  13  0:19  Probe  
  14  0:36  Gateway  
  14  0:38  Probe  
  15  0:46  Assimilator  
  15  0:56  Assimilator, Probe  
  16  1:08  Probe  
  17  1:26  Cybernetics Core  
  17  1:27  Zealot  
  19  1:35  Probe  
  20  1:47  Pylon  
  20  1:48  Probe, Warp Gate  
  21  1:56  Stalker  
  21  2:00  Probe  
  24  2:13  Twilight Council  
  24  2:19  Probe  
  23  2:52  Dark Shrine  
  23  2:56  Gateway  
  23  3:03  Gateway  
  23  3:07  Gateway  
  23  3:24  Pylon  
  21  3:53  Adept  
  23  4:04  Dark Templar x3  
  23  4:05  Charge  
  29  4:12  Gateway  
  29  4:48  Dark Templar  
  29  4:50  Zealot x3  
  37  5:08  Zealot  
  37  5:11  Pylon  
  39  5:22  Archon x2  
  39  5:29  Zealot x2  
  39  5:30  Zealot x2  
  47  5:38  Pylon  
  47  5:57  Zealot x2  
  47  5:58  Zealot  
  53  6:10  Zealot  
  55  6:31  Pylon  
  55  6:39  Zealot  
Tags
 
Add a new tag
Caveats
  • Supply blocks, unpowered buildings, or Contaminate may cause inaccurate times.
  • Supply counts are checked every 10 seconds.